 Dungeon Crawl Stone Soup version 0.32-a0-20-ge526923d97 (webtiles) character file.

Game seed: 18205690921160686152

17074 jasper the Blocker (level 12, -2/77 HPs)
             Began as a Gargoyle Earth Elementalist on Jan 17, 2024.
             Was a Believer of Vehumet.
             Slain by Urug
             ... wielding a +4 heavy great mace
              (40 damage)
             ... on level 3 of the Lair of Beasts.
             The game lasted 00:22:32 (13699 turns).

jasper the Blocker (Gargoyle Earth Elementalist)   Turns: 13699, Time: 00:22:33

Health: -2/77      AC: 26    Str: 13    XL:     12   Next: 44%
Magic:  10/17      EV:  9    Int: 22    God:    Vehumet [**....]
Gold:   874        SH: 11    Dex: 10    Spells: 0/17 levels left

rFire   + . .        H - +2 morningstar (freeze)
rCold   . . .        G - +0 kite shield
rNeg    + + .        l - +3 ring mail {rF+}
rPois   ∞            E - +0 helmet
rElec   +            q - +0 cloak
rCorr   .            B - +0 pair of gloves of Foolhardiness {Int+2}
SInv    .            I - +2 pair of boots {rampage}
Will    .....        (no amulet)
Stlth   +            h - ring of flight
HPRegen 0.32/turn    n - ring of positive energy
MPRegen 0.15/turn

%: rampage
@: flying
A: sickness immunity, AC +8, negative energy resistance 1, electricity
resistance, torment resistance 1, petrification resistance
a: Renounce Religion


You were on level 3 of the Lair of Beasts.
You worshipped Vehumet.
Vehumet was pleased with you.
You visited 3 branches of the dungeon, and saw 15 of its levels.
You also visited: Bailey and Gauntlet.

You collected 1316 gold pieces.
You spent 442 gold pieces at shops.

Inventory:

Hand Weapons
 c - a +0 hand axe
 e - a +0 whip
 g - a +2 whip of pain
 k - a +1 short sword of speed
 C - a +2 dire flail of holy wrath
 H - a +2 morningstar of freezing (weapon)
Missiles
 m - 76 stones
 K - 10 curare-tipped darts
 M - 8 datura-tipped darts
Armour
 a - a +0 robe
 l - a +3 ring mail of fire resistance (worn)
 o - a +0 leather armour
 q - a +0 cloak (worn)
 r - a +0 pair of gloves
 B - the +0 pair of gloves of Foolhardiness (worn) {Int+2}
   (You bought it in a shop on level 2 of the Dungeon)

   Int+2:     It affects your intelligence (+2).
 E - a +0 helmet (worn)
 F - a +1 ring mail of cold resistance
 G - a +0 kite shield (worn)
 I - a +2 pair of boots of rampaging (worn)
 L - the +7 chain mail of Absolutism {MP+9 Stlth+}
   (You took it off a kobold brigand in a bailey)

   MP+9:      It affects your magic capacity (+9).
   Stlth+:    It makes you more stealthy.
Magical Staves
 d - a staff of air
 y - a staff of fire
Jewellery
 f - a +6 ring of dexterity
 h - a ring of flight (left hand)
 n - a ring of positive energy (right hand)
 w - a ring of resist corrosion
 Q - a ring of protection from fire
 S - a +6 ring of strength
Wands
 b - a wand of acid (6)
 O - a wand of iceblast (1)
Scrolls
 j - 2 scrolls of revelation
 t - 2 scrolls of immolation
 v - a scroll of blinking
 z - 2 scrolls of torment
 D - 3 scrolls of teleportation
 N - 2 scrolls of amnesia
Potions
 p - a potion of brilliance
 s - 3 potions of mutation
 u - 5 potions of curing
 x - 6 potions of lignification
 A - 2 potions of cancellation
 J - a potion of enlightenment
 P - a potion of attraction
 R - a potion of might


   Skills:
 - Level 10.0 Fighting
 - Level 10.0 Armour
 - Level 1.5 Dodging
 - Level 2.1 Stealth
 - Level 12.0 Shields
 + Level 3.3 Spellcasting
 - Level 5.0 Conjurations
 * Level 3.3 Translocations
 - Level 11.0 Earth Magic


You couldn't memorise any spells.
You knew the following spells:

 Your Spells              Type           Power      Damage    Failure   Level
a - Sandblast             Erth           100%       2d20      1%          1
b - Passwall              Erth           51%        N/A       1%          3
c - Stone Arrow           Conj/Erth      76%        3d11      5%          3
d - Apportation           Tloc           36%        N/A       12%         1
e - Lee's Rapid Deconstr  Erth           25%        3d14*     14%         5
f - Passage of Golubria   Tloc           18%        N/A       77%         4

Your spell library contained the following spells:

 Spells                   Type           Power      Damage    Failure   Level
 Volatile Blastmotes      Fire/Tloc      22%        2d11      58%         3
 Sting                    Conj/Alch      56%        1d6       17%         1
 Brom's Barrelling Bould  Conj/Erth      38%        2d6       19%         4
 Necrotise                Necr           12%        1d4       43%         1
 Summon Small Mammal      Summ           12%        N/A       43%         1
 Leda's Liquefaction      Alch/Erth      13%        N/A       45%         4
 Petrify                  Alch/Erth      27%        N/A       45%         4
 Confusing Touch          Hex            3%         N/A       82%         3
 Frozen Ramparts          Ice            6%         1d1       82%         3
 Tukima's Dance           Hex            3%         N/A       82%         3
 Vampiric Draining        Necr           3%         2d6       82%         3
 Bombard                  Conj/Erth      19%        9d4       95%         6
 Martyr's Knell           Necr/Summ      3%         N/A       99%         4
 Curse of Agony           Necr           3%         N/A       100%        5
 Metabolic Englaciation   Hex/Ice        1%         N/A       100%        5
 Silence                  Hex/Air        1%         N/A       100%        5
 Yara's Violent Unravell  Hex/Alch       1%         3d3       100%        5
 Discord                  Hex            1%         N/A       100%        8


Dungeon Overview and Level Annotations

Branches:
Dungeon (11/15)            Temple (1/1) D:6            Lair (3/5) D:8
  Swamp (0/4) Lair:3          Orc (0/2) D:9          Bailey (visited)
Gauntlet (visited)
  Snake: Lair:2-3    Spider: Lair:2-3

Altars:
Ashenzari
Cheibriados
Dithmenos
Elyvilon
Fedhas
Gozag
Hepliaklqana
Kikubaaqudgha
Makhleb
Nemelex Xobeh
Okawaru
Qazlal
Ru
Sif Muna
Trog
Uskayaw
Vehumet
Wu Jian
Xom
Yredelemnul
Zin
The Shining One

Shops:
D:2 (=![   D:7 [   D:9 *

Annotations:
D:11 Gastronok
Lair:3 Urug


Innate Abilities, Weirdness & Mutations

You are immune to sickness and miasma.
Your stone body is resilient. (AC +8)
You are immune to poison.
You resist negative energy. (rN+)
You are resistant to electric shocks. (rElec)
You are resistant to unholy torment.
You are immune to petrification.


Message History

Urug is moderately wounded.
Urug is engulfed in poison gas.
Urug looks even sicker.
Urug throws a javelin.
The javelin pierces through you but does no damage.
Urug is engulfed in poison gas.
Urug looks as sick as possible!
You now have 14/17 mp.
Aiming: Sandblast (safe; 1% risk of failure)
Press: ? - help, Q - select action, (/) - cycle Shift-Dir - straight line, f/p - Urug
Aim: Urug, wielding a +4 heavy great mace, wearing a +0 chain mail and quivering javelins (poison gas, heavily wounded, extremely poisoned, 84% to hit)
The blast of sand hits Urug.
Urug is severely wounded.
Urug looks as sick as possible!
You block Urug's attack.
Aiming: Sandblast (safe; 1% risk of failure)
Press: ? - help, Q - select action, (/) - cycle Shift-Dir - straight line, f/p - Urug
Aim: Urug, wielding a +4 heavy great mace, wearing a +0 chain mail and quivering javelins (severely wounded, extremely poisoned, 84% to hit)
The blast of sand hits Urug but does no damage.
Urug is severely wounded.
You block Urug's attack.
You now have 13/17 mp.
Aiming: Sandblast (safe; 1% risk of failure)
Press: ? - help, Q - select action, (/) - cycle Shift-Dir - straight line, f/p - Urug
Aim: Urug, wielding a +4 heavy great mace, wearing a +0 chain mail and quivering javelins (severely wounded, extremely poisoned, 84% to hit)
The blast of sand hits Urug!
Urug is severely wounded.
Urug hits you with a +4 heavy great mace!!!
You take 36 damage, and have 37/77 hp.
MASSIVE DAMAGE!!
You now have 12/17 mp.
Aiming: Sandblast (safe; 1% risk of failure)
Press: ? - help, Q - select action, (/) - cycle Shift-Dir - straight line, f/p - Urug
Aim: Urug, wielding a +4 heavy great mace, wearing a +0 chain mail and quivering javelins (almost dead, extremely poisoned, 84% to hit)
The blast of sand misses Urug.
Urug closely misses you.
You now have 11/17 mp.
Aiming: Sandblast (safe; 1% risk of failure)
Press: ? - help, Q - select action, (/) - cycle Shift-Dir - straight line, f/p - Urug
Aim: Urug, wielding a +4 heavy great mace, wearing a +0 chain mail and quivering javelins (almost dead, extremely poisoned, 84% to hit)
The blast of sand hits Urug but does no damage.
Urug is almost dead.
Urug hits you with a +4 heavy great mace!!!
Ouch! That really hurt!
You die...
Urug screams, "Revenge at last!"

## ### ## #
.##P###.######P##.#
.........°...<§..§.
.............○...§§
....○...°.....○..§§
.....○.○....○°..§§.
....)..<...@o†..§..
......°.○<°.......§
....°○.............
....°..............
###################


You could see Urug (very poisoned).

Vanquished Creatures
  A ghost crab (Gauntlet)
  A two-headed ogre (D:11)
  An arcanist (D:8)
  An orc knight (Bailey)
  A gargoyle (D:10)
  7 cane toads
  2 kobold demonologists (D:9)
  2 komodo dragons (Lair:1)
  2 rime drakes (Lair:1)
  A polar bear (Lair:1)
  A troll (D:10)
  A hornet (D:10)
  A tyrant leech (Gauntlet)
  Prince Ribbit (D:9)
  Grinder (D:4)
  A shadow (D:9)
  9 yaks
  4 wyverns
  3 wraiths (D:10)
  2 humans (D:10)
  5 basilisks
  Edmund (D:4)
  2 swamp worms (Gauntlet)
  9 water moccasins
  3 ice beasts
  2 orc warriors
  4 ogres
  2 black bears
  6 wolves
  6 centaurs
  3 phantoms
  7 kobold brigands
  Blork the orc (D:4)
  12 bullfrogs
  A gnoll sergeant (D:6)
  2 scorpions (D:5)
  9 wights
  8 killer bees
  2 howler monkeys
  2 hounds (D:6)
  A jelly (D:7)
  2 bombardier beetles
  2 gnoll boudas
  4 iguanas
  A sleepcap (D:4)
  2 orc wizards
  8 adders
  11 gnolls
  12 white imps
  4 ufetubi
  2 dart slugs
  2 ribbon worms
  10 orcs
  8 ball pythons
  5 bats
  5 endoplasms
  3 giant cockroaches
  6 hobgoblins
  A jackal (D:3)
  27 kobolds
  A quokka (D:3)
  2 frilled lizards
  8 goblins
  5 rats
262 creatures vanquished.

Notes
Turn   | Place    | Note
-------+----------+-------------------------------------------
     0 | D:1      | jasper the Gargoyle Earth Elementalist began the quest for
                  | the Orb.
     0 | D:1      | Reached XP level 1. HP: 10/10 MP: 3/3
   173 | D:1      | Reached skill level 1 in Fighting
   173 | D:1      | Reached XP level 2. HP: 16/16 MP: 1/5
   381 | D:1      | Found a faded altar of an unknown god.
  1311 | D:2      | Reached XP level 3. HP: 20/20 MP: 3/6
  1315 | D:2      | Learned a level 3 spell: Passwall
  1382 | D:2      | Found Faakem's Armour Shoppe.
  1386 | D:2      | Bought a +0 cloak for 58 gold pieces
  1473 | D:2      | Found Ytucun's Distillery.
  1811 | D:2      | Found Niamaplu's Jewellery Boutique.
  2011 | D:2      | Found Xuyxtumn's Weapon Boutique.
  2165 | D:3      | Reached skill level 5 in Earth Magic
  2220 | D:3      | Reached XP level 4. HP: 26/26 MP: 2/7
  2298 | D:3      | Learned a level 3 spell: Stone Arrow
  2781 | D:3      | Found a burning altar of Makhleb.
  3099 | D:3      | Found a faded altar of an unknown god.
  3103 | D:3      | Found a sparkling altar of Nemelex Xobeh.
  3347 | D:4      | Noticed Edmund
  3389 | D:5      | Entered Level 5 of the Dungeon
  3391 | D:5      | Noticed a scorpion
  3484 | D:5      | Noticed an ice beast
  3490 | D:5      | Killed an ice beast
  3491 | D:5      | Reached XP level 5. HP: 32/32 MP: 3/8
  3623 | D:5      | Reached XP level 6. HP: 23/37 MP: 0/9
  3798 | D:5      | Noticed an ice beast
  3806 | D:5      | Killed an ice beast
  4052 | D:5      | Reached XP level 7. HP: 41/43 MP: 4/10
  4054 | D:5      | Learned a level 1 spell: Apportation
  4499 | D:6      | Reached skill level 5 in Fighting
  4565 | D:6      | Reached XP level 8. HP: 46/49 MP: 7/11
  4702 | D:4      | Found a sacrificial altar of Ru.
  4742 | D:4      | Noticed Blork the orc
  4747 | D:4      | Killed Blork the orc
  4756 | D:4      | Became a worshipper of Ru the Awakened
  4858 | D:4      | Killed Edmund
  4859 | D:4      | Reached skill level 10 in Earth Magic
  4908 | D:2      | Bought the +0 pair of gloves of Foolhardiness {Int+2} for
                  | 204 gold pieces
  4987 | D:4      | Noticed Grinder
  5010 | D:4      | Killed Grinder
  5561 | D:6      | Found a shimmering altar of Xom.
  5578 | D:6      | Reached XP level 9. HP: 57/57 MP: 9/12
  5936 | D:6      | Found a staircase to the Ecumenical Temple.
  6013 | Temple   | Entered the Ecumenical Temple
  6553 | D:7      | Found Niov Jerch's Antique Armour Shop.
  7065 | D:8      | Reached skill level 5 in Conjurations
  7072 | D:8      | Noticed an arcanist
  7080 | D:8      | Killed an arcanist
  7081 | D:8      | Reached skill level 2 in Shields
  7206 | D:8      | Found a radiant altar of Vehumet.
  7222 | D:8      | Reached skill level 3 in Shields
  7230 | D:8      | Fell from the grace of Ru
  7230 | D:8      | Became a worshipper of Vehumet
  7303 | D:8      | Reached XP level 10. HP: 66/66 MP: 8/13
  7370 | D:8      | Found a glowing silver altar of Zin.
  7398 | D:8      | Found an ornate altar of the Wu Jian Council.
  7474 | D:7      | Bought a pair of embroidered boots for 180 gold pieces
  7520 | D:8      | Found a staircase to the Lair.
  7754 | D:9      | Reached skill level 4 in Shields
  7941 | D:9      | Noticed Prince Ribbit
  7962 | D:9      | Killed Prince Ribbit
  8039 | D:9      | Found a flagged portal.
  8077 | Bailey   | Entered a bailey
  8128 | Bailey   | Reached * piety under Vehumet
  8128 | Bailey   | Offered knowledge of Foxfire by Vehumet.
  8240 | Bailey   | Identified the +11 plate armour of Poor Excuses {Rampage
                  | rF+ Str+7 Dex-4}
  8325 | Bailey   | Noticed an orc knight
  8346 | Bailey   | Killed an orc knight
  8347 | Bailey   | Reached skill level 10 in Fighting
  8347 | Bailey   | Reached skill level 5 in Armour
  8347 | Bailey   | Reached skill level 5 in Shields
  8365 | Bailey   | Identified the +7 chain mail of Absolutism {MP+9 Stlth+}
  8509 | Bailey   | Found a bloodstained altar of Trog.
  8558 | D:9      | Found a staircase to the Orcish Mines.
  8575 | D:9      | Noticed a kobold demonologist
  8577 | D:9      | Noticed a kobold demonologist
  8581 | D:9      | Killed a kobold demonologist
  8582 | D:9      | Reached skill level 6 in Shields
  8590 | D:9      | Killed a kobold demonologist
  8600 | D:9      | Learned a level 5 spell: Lee's Rapid Deconstruction
  8738 | D:9      | Found Qimonafu's Overcharged Wands.
  8893 | D:9      | Reached skill level 7 in Shields
  9174 | D:10     | Entered Level 10 of the Dungeon
  9199 | D:10     | Noticed a gargoyle
  9206 | D:10     | Killed a gargoyle
  9207 | D:10     | Reached XP level 11. HP: 55/72 MP: 1/14
  9426 | D:10     | Found a shimmering blue altar of Sif Muna.
  9643 | D:10     | Reached skill level 8 in Shields
  9910 | D:10     | Found an iron altar of Okawaru.
 10335 | D:11     | Noticed Gastronok
 10335 | D:11     | Found a gate leading to a gauntlet.
 10349 | Gauntlet | Entered a Gauntlet
 10349 | Gauntlet | Noticed a soul eater
 10349 | Gauntlet | Found a transporter.
 10349 | Gauntlet | Found a transporter.
 10406 | Gauntlet | Found a transporter.
 10406 | Gauntlet | Found a transporter.
 10409 | Gauntlet | Found a transporter.
 10418 | Gauntlet | Noticed a ghost crab
 10425 | Gauntlet | Found a transporter.
 10426 | Gauntlet | Found a transporter.
 10432 | Gauntlet | Found a transporter.
 10436 | Gauntlet | Noticed an arcanist
 10440 | Gauntlet | Found a transporter.
 10457 | Gauntlet | Found a transporter.
 10465 | Gauntlet | Found a transporter.
 10465 | Gauntlet | Noticed an oklob plant
 10483 | Gauntlet | Found a transporter.
 10734 | Gauntlet | Noticed a spectral anaconda
 10734 | Gauntlet | Killed a ghost crab
 10834 | Gauntlet | Noticed a minotaur
 10849 | Gauntlet | Got Sif Muna's Guide on Ensorcelling
 10860 | D:11     | Noticed a two-headed ogre
 10902 | D:10     | Reached skill level 9 in Shields
 11010 | D:10     | Reached ** piety under Vehumet
 11019 | D:10     | Offered knowledge of Scorch by Vehumet.
 11258 | D:11     | Killed a two-headed ogre
 11472 | Lair:1   | Entered Level 1 of the Lair of Beasts
 11539 | Lair:1   | Reached skill level 10 in Shields
 11777 | Lair:1   | Reached skill level 10 in Armour
 12099 | Lair:1   | Reached skill level 11 in Shields
 12099 | Lair:1   | Reached XP level 12. HP: 77/77 MP: 12/15
 12611 | Lair:1   | Reached skill level 12 in Shields
 12742 | Lair:2   | Found a frozen archway.
 13070 | Lair:2   | Offered knowledge of Volatile Blastmotes by Vehumet.
 13263 | Lair:2   | Learned a level 4 spell: Passage of Golubria
 13689 | Lair:3   | Found a staircase to the Swamp.
 13689 | Lair:3   | Noticed Urug
 13699 | Lair:3   | Slain by Urug

Illustrated notes

Levels and vault maps discovered:
D:1:      enne_arrival_octagon_isle, layout_basic,
          shapermc_ecumenical_altar_mp_highgroup, hangedman_decor_lopped
D:2:      layout_basic, serial_shops, shop, shop, shop,
          nicolae_shop_bloodbath_and_beyond
D:3:      minmay_chambers_of_twos, layout_loops_corners,
          mainiacjoe_overflow_brackets, nicolae_overflow_ecumenical_swirl
D:4:      layout_basic, mainiacjoe_overflow_tiny_flanked, uniq_blork_the_orc,
          uniq_edmund, uniq_grinder
D:5:      layout_loops_cross
D:6:      layout_gridville, mainiacjoe_overflow_cross_hatched,
          lemuel_temple_firewalk_a, corexii_corridor_pit
D:7:      layout_loops_cross, serial_shops, shop, nicolae_fountain_basement
D:8:      layout_rooms, mainiacjoe_overflow_six_doors_small,
          mainiacjoe_overflow_concentric_impassable, mainiacjoe_overflow_paths,
          dpeg_oklobed_lair
D:9:      layout_loops_ring, enter_bailey_4, nicolae_shop_overcharged_wands,
          uniq_prince_ribbit1
D:10:     layout_basic, kennysheep_mini, okawaru_humans, kennysheep_small_spiral
D:11:     layout_irregular_city, gauntlet_entry_generic, uniq_gastronok
Temple:   nicolae_temple_figure_eight
Lair:1:   layout_loops_ring, grunt_megastairs_4
Lair:2:   layout_roguey, portal_ice_cave_entry_imps, minivault_19,
          grunt_megastairs_3
Lair:3:   kb_forest_paths, layout_long_grid, swamp_mist, spider_nest_entry_webs,
          basic_altar, uniq_urug

Skill      XL: |  1  2  3  4  5  6  7  8  9 10 11 12 |
---------------+-------------------------------------+-----
Earth Magic    | 4 5 6 7 9 10 11 | 11.0
Fighting       | 1 2 3 4 5 7 9 10 | 10.0
Translocations | 3 |  3.3
Conjurations   | 5 |  5.0
Armour         | 3 7 10 | 10.0
Shields        | 3 7 11 12 | 12.0
Spellcasting   | 3 |  3.3
Dodging        | |  1.5
Stealth        | |  2.1

Action                     |  1- 3 |  4- 6 |  7- 9 | 10-12 || total
---------------------------+-------+-------+-------+-------++-------
  Melee: Short sword       |       |     5 |       |       ||     5
         Dire flail        |       |       |    16 |       ||    16
         Morningstar       |       |       |       |    37 ||    37
   Cast: Sandblast         |    45 |    65 |   132 |   368 ||   610
         Stone Arrow       |       |       |     3 |     8 ||    11
         Lee's Rapid Decon |       |       |       |     5 ||     5
  Evoke: Wand              |       |       |       |    10 ||    10
    Use: Scroll            |     5 |     3 |     9 |     8 ||    25
         Potion            |       |       |       |     6 ||     6
 Armour: Robe              |     3 |       |       |       ||     3
         Ring mail         |       |    43 |    66 |   361 ||   470
         Leather armour    |       |     3 |       |       ||     3
  Dodge: Dodged            |     5 |    30 |    36 |   176 ||   247
  Block: Kite shield       |       |       |     1 |   240 ||   241

Table legend: (Time is in decaauts)
 A = Elapsed time spent in this place.
 B = Non-inter-level travel time spent in this place.
 C = Inter-level travel time spent in this place.
 D = Time resting spent in this place.
 E = Time spent auto-exploring this place.
 F = Levels seen in this place.
 G = Mean time per level.
                   A        B        C        D        E       F      G
               +--------+--------+--------+--------+--------+-----+--------+
         Total |  14045 |  13150 |    895 |   1125 |   9855 |  17 |  826.2 |
       Dungeon |  10730 |   9934 |    796 |    521 |   7874 |  11 |  975.5 |
        Temple |      1 |      1 |      0 |      0 |      0 |   1 |    1.0 |
          Lair |   2305 |   2207 |     98 |    335 |   1509 |   3 |  768.3 |
        Bailey |    498 |    498 |      0 |    105 |    246 |   1 |  498.0 |
      Gauntlet |    509 |    509 |      0 |    164 |    226 |   1 |  509.0 |
               +--------+--------+--------+--------+--------+-----+--------+

Top non-repeatable levels by time:
    D:10: 1504 daAuts
  Lair:1: 1326 daAuts
     D:3: 1256 daAuts
     D:5: 1180 daAuts
     D:1: 1142 daAuts
     D:6: 1141 daAuts
     D:2: 1058 daAuts
     D:9: 1001 daAuts
  Lair:2: 960 daAuts
     D:4: 758 daAuts
     D:8: 692 daAuts
     D:7: 657 daAuts
Gauntlet: 509 daAuts
  Bailey: 498 daAuts
    D:11: 336 daAuts
